 Dungeon Crawl Stone Soup version 0.27-a0-1513-g2aaa0cc67b (webtiles) character file.

Game seed: 13036921867262316251

56123 gimp the Severer (level 15, -12/118 HPs)
             Began as a Formicid Monk on July 10, 2021.
             Was an Initiate of Gozag.
             Mangled by a white ugly thing (33 damage)
             ... on level 11 of the Dungeon.
             The game lasted 00:54:06 (26341 turns).

gimp the Severer (Formicid Monk)                   Turns: 26341, Time: 00:54:07

Health: -12/118    AC: 18    Str: 22    XL:     15   Next: 20%
Magic:  15/15      EV:  9    Int: 14    God:    Gozag
Gold:   4138       SH: 11    Dex: 20    Spells: 14/14 levels left

rFire    . . .     SeeInvis +   a - +6 battleaxe of Compound Interest {venom, rElec rC- Will+}
rCold    x . .     Faith    .   M - +0 kite shield
rNeg     . . .     Spirit   .   N - +2 chain mail
rPois    .         Reflect  .   (helmet unavailable)
rElec    +         Harm     .   (no cloak)
rCorr    .         Rampage  .   (no gloves)
Will     +++..                  G - +2 pair of boots
Stlth    ..........             (no amulet)
HPRegen  0.29/turn              f - ring of Duxif {Will+ Int+4 Dex+7}
MPRegen  0.14/turn              i - +4 ring of slaying

@: gold aura
A: permanent stasis, dig shafts and tunnels, antennae 3, four strong arms
a: Dig, Shaft Self, Renounce Religion, Potion Petition, Call Merchant, Bribe
Branch


You were on level 11 of the Dungeon.
You worshipped Gozag.
Gozag was most pleased with you.
You visited 3 branches of the dungeon, and saw 18 of its levels.
You also visited: Ossuary.

You collected 5388 gold pieces.
You spent 285 gold pieces at shops.
You paid 965 gold pieces to Gozag.

Inventory:

Hand Weapons
 a - the +6 battleaxe of Compound Interest (weapon) {venom, rElec rC- Will+}
   (You found it on level 6 of the Dungeon)

   It poisons the flesh of those it strikes.
   rC:        It makes you vulnerable to cold.
   rElec:     It insulates you from electricity.
   Will:      It increases your willpower.
 b - a +3 hand axe of flaming
 C - a +2 vorpal battleaxe
Missiles
 e - a curare-tipped dart
 k - 97 poisoned darts
 F - 4 javelins
Armour
 d - +0 fire dragon scales
 G - a +2 pair of boots (worn)
 M - a +0 kite shield (worn)
 N - a +2 chain mail (worn)
Jewellery
 f - the ring of Duxif (left hand) {Will+ Int+4 Dex+7}
   (You acquired it on level 8 of the Dungeon)

   [ring of willpower]

   Int:       It affects your intelligence (+4).
   Dex:       It affects your dexterity (+7).
   Will:      It increases your willpower.
 g - a +6 ring of dexterity
 i - a +4 ring of slaying (right hand)
 n - a ring of positive energy
Wands
 q - a wand of polymorph (22)
 r - a wand of paralysis (7)
 s - a wand of mindburst (8)
 w - a wand of iceblast (22)
 B - a wand of flame (16) (quivered)
Scrolls
 h - 3 scrolls of fog
 t - 2 scrolls of magic mapping
 v - 2 scrolls of enchant weapon
 A - 3 scrolls of enchant armour
 E - 2 scrolls of fear
 H - a scroll of brand weapon
 J - 2 scrolls of holy word
Potions
 c - 2 potions of resistance
 j - a potion of heal wounds
 l - a potion of invisibility
 m - 9 potions of curing
 o - 9 potions of ambrosia
 p - 5 potions of might
 z - 2 potions of cancellation
 K - a potion of magic


   Skills:
 - Level 11.0 Fighting
 * Level 18.0 Axes
 + Level 14.1 Armour
 - Level 2.6 Dodging
 - Level 2.4 Stealth
 + Level 6.4 Shields


You had 14 spell levels left.
You didn't know any spells.
Your spell library contained the following spells:

 Spells                   Type           Power      Damage    Failure   Level
 Animate Skeleton         Necr           0%         N/A       94%         1
 Apportation              Tloc           0%         N/A       94%         1
 Corona                   Hex            0%         N/A       94%         1
 Summon Small Mammal      Summ           0%         N/A       94%         1
 Poisonous Vapours        Pois/Air       0%         N/A       98%         2
 Slow                     Hex            0%         N/A       98%         2
 Static Discharge         Conj/Air       0%         N/A       98%         2
 Sublimation of Blood     Necr           0%         N/A       98%         2
 Confusing Touch          Hex            0%         N/A       100%        3
 Lesser Beckoning         Tloc           0%         N/A       100%        3
 Mephitic Cloud           Conj/Pois/Air  0%         N/A       100%        3
 Vampiric Draining        Necr           0%         2d6       100%        3
 Petrify                  Tmut/Erth      0%         N/A       100%        4
 Fireball                 Conj/Fire      0%         3d3       100%        5
 Freezing Cloud           Conj/Ice/Air   0%         6-21      100%        5
 Irradiate                Conj/Tmut      0%         3d13      100%        5
 Iskenderun's Battlesphe  Conj           0%         2d6       100%        5
 Lightning Bolt           Conj/Air       0%         1d11      100%        5
 Manifold Assault         Tloc           0%         N/A       100%        5
 Summon Forest            Summ/Tloc      0%         N/A       100%        5
 Summon Mana Viper        Hex/Summ       0%         N/A       100%        5
 Conjure Ball Lightning   Conj/Air       0%         3x3d6     100%        6
 Shadow Creatures         Summ           N/A        N/A       100%        6
 Orb of Destruction       Conj           0%         N/A       100%        7
 Maxwell's Capacitive Co  Air            0%         ∞         100%        8
 Blink                    Tloc           Unusable   N/A       N/A         2

Dungeon Overview and Level Annotations

Branches:
Dungeon (11/15)            Temple (1/1) D:7            Lair (6/6) D:9
 Shoals (0/4) Lair:4       Spider (0/4) Lair:3        Slime (0/5) Lair:5
    Orc (0/2) D:9         Ossuary (visited)

Altars:
Ashenzari
Cheibriados
Dithmenos
Elyvilon
Fedhas
Gozag
Hepliaklqana
Kikubaaqudgha
Makhleb
Nemelex Xobeh
Okawaru
Qazlal
Ru
Sif Muna
Trog
Uskayaw
Vehumet
Wu Jian
Xom
Yredelemnul
Zin
The Shining One
Lugonu

Shops:
D:9 *(

Annotations:
D:2 Sigmund
D:4 exclusion: black bear
D:5 Eustachio
Lair:5 exclusion: oklob plant


Innate Abilities, Weirdness & Mutations

You cannot be hasted, slowed, berserked, paralysed or teleported.
You can dig through walls and to a lower floor.
You have a pair of large antennae on your head. (SInv)
Your four strong arms can wield two-handed weapons with a shield.


Message History

You slash the yak!
The yak is almost dead.
You slice the white ugly thing!!
The white ugly thing looks as sick as possible!
You hit the yak. The yak gores you but does no damage.
The white ugly thing engulfs you but does no damage.
You slice the yak!!
You kill the yak!
You barely miss the yak. You barely miss the white ugly thing.
The yak is distracted by your dazzling golden aura.
You block the white ugly thing's attack.
The yak bellows!
Your Axes skill increases to level 18!
You slash the yak!
The yak looks as sick as possible!
The yak is no longer distracted by gold.
The yak is almost dead.
You barely miss the white ugly thing.
You kill the yak!
The white ugly thing engulfs you. The white ugly thing freezes you!!!
You feel a terrible chill!
You take 55 damage, and have 51/118 hp.
MASSIVE DAMAGE!!
You are too injured to fight recklessly!
You are too injured to fight recklessly!
You are too injured to fight recklessly!
Your shield and chain mail prevent you from hitting the white ugly thing.
The white ugly thing is moderately wounded.
The white ugly thing engulfs you! The white ugly thing freezes you!!
You feel a terrible chill!
* * * LOW HITPOINT WARNING * * *
You take 35 damage, and have 16/118 hp.
MASSIVE DAMAGE!!
You feel much better. The white ugly thing engulfs you!
* * * LOW HITPOINT WARNING * * *
The white ugly thing freezes you!!
You feel a terrible chill!
* * * LOW HITPOINT WARNING * * *
You take 16 damage, and have 1/118 hp.
You feel much better. The white ugly thing engulfs you.
* * * LOW HITPOINT WARNING * * *
The white ugly thing freezes you!!
You feel a terrible chill!
You die...
Your body crumbles into a pile of gold.

##.........##
##.....>........ #.........#
###.........######
####........####......#...##
#
.............#.......###...#
# ....................##
##...# .
..#####............## ##...#
.. ### ##..##......## ...#
.. # #..##......# #......
### #..##....@## $ ..##
#..##>...u#
...###....##.....#
...........#.....#
...............$$$......
........................
........................
........................
........................


You could see a white ugly thing (extremely poisoned).

Vanquished Creatures
  2 fire dragons (Lair:6)
  11 hydras
  2 boulder beetles
  A catoblepas (Lair:4)
  A two-headed ogre (D:9)
  6 death yaks (Lair:6)
  A fire crab (Lair:6)
  A skeletal warrior (D:9)
  A swamp dragon (Lair:6)
  2 lindwurms (Lair:6)
  An orc knight (D:10)
  An orb spider (Lair:3)
  An ugly thing (D:11)
  Maurice (D:8)
  11 black mambas
  A merfolk siren (Lair:4)
  6 torpor snails (Lair:6)
  6 cane toads
  11 komodo dragons
  An unseen horror (D:11)
  3 rime drakes
  A queen bee (Lair:6)
  3 trolls
  3 meliai (Lair:6)
  3 tyrant leeches (Lair:6)
  4 polar bears
  Prince Ribbit (D:7)
  6 hornets (Lair:6)
  3 blink frogs (Lair:3)
  A spriggan (Lair:3)
  A vampire (D:10)
  68 yaks
  2 wraiths (D:10)
  A wyvern (Lair:5)
  A basilisk (Lair:5)
  Menkaure (D:7)
  4 steam dragons
  3 wargs
  5 acid dragons
  13 water moccasins
  A hornet zombie (D:7)
  5 orc warriors
  2 ice beasts
  A swamp drake (Lair:6)
  A black bear (D:5)
  20 wolves
  3 centaurs
  2 phantoms
  2 kobold brigands (D:9)
  7 bullfrogs
  A gnoll sergeant (D:10)
  3 scorpions
  A wyvern zombie (D:7)
  23 killer bees
  7 wights
  4 electric eels
  3 howler monkeys
  5 centaur zombies
  6 hounds
  A human zombie (Ossuary)
  A jelly (D:6)
  A gnoll shaman (D:10)
  7 orc priests
  4 iguanas
  9 orc wizards
  4 hell rats (Lair:1)
  A howler monkey zombie (D:6)
  3 mummies (Ossuary)
  Robin (D:2)
  9 gnolls (D:10)
  5 adders
  A shadow imp (D:5)
  A white imp (D:6)
  6 adder zombies (Ossuary)
  5 worms
  A dart slug (D:4)
  32 orcs
  6 bats
  4 endoplasms
  4 giant cockroaches
  9 goblins
  8 hobgoblins
  13 jackals
  5 quokkas
  6 ball pythons
  4 frilled lizards
  3 goblin zombies (Ossuary)
  A hobgoblin zombie (Ossuary)
  16 kobolds
  3 kobold zombies (Ossuary)
  A quokka zombie (Ossuary)
  4 rats
  3 rat zombies (Ossuary)
474 creatures vanquished.

Vanquished Creatures (others)
  A bush (Lair:6)
  24 fungi
  64 plants
  5 withered plants (D:8)
94 creatures vanquished.

Grand Total: 568 creatures vanquished

Notes
Turn   | Place    | Note
-------+----------+-------------------------------------------
     0 | D:1      | gimp the Formicid Monk began the quest for the Orb.
     0 | D:1      | Reached XP level 1. HP: 18/18 MP: 1/1
   165 | D:1      | Reached XP level 2. HP: 21/24 MP: 2/2
   627 | D:1      | Found a faded altar of an unknown god.
   652 | D:1      | Reached XP level 3. HP: 30/30 MP: 3/3
   746 | D:1      | Reached skill level 1 in Armour
  1003 | D:2      | Noticed Sigmund
  1201 | D:2      | Reached XP level 4. HP: 37/37 MP: 4/4
  2147 | D:2      | Reached skill level 4 in Axes
  2160 | D:2      | Noticed Robin
  2170 | D:2      | Reached XP level 5. HP: 38/43 MP: 5/5
  2177 | D:2      | Killed Robin
  2947 | D:4      | Noticed a black bear
  2968 | D:4      | Found a burning altar of Makhleb.
  3235 | D:4      | Found a glowing golden altar of the Shining One.
  3235 | D:4      | Found a white marble altar of Elyvilon.
  3235 | D:4      | Found a glowing silver altar of Zin.
  3495 | D:4      | Reached skill level 5 in Fighting
  3495 | D:4      | Reached XP level 6. HP: 35/51 MP: 6/6
  3799 | D:4      | Reached skill level 5 in Axes
  4010 | D:5      | Entered Level 5 of the Dungeon
  4306 | D:5      | Noticed a black bear
  4315 | D:5      | Killed a black bear
  4316 | D:5      | Reached XP level 7. HP: 49/56 MP: 7/7
  4460 | D:5      | Noticed a troll
  4470 | D:5      | Killed a troll
  4471 | D:5      | Reached skill level 6 in Axes
  4754 | D:5      | Found a broken altar of Ashenzari.
  5083 | D:5      | Noticed Eustachio
  5568 | D:6      | Reached XP level 8. HP: 49/62 MP: 8/8
  5741 | D:6      | Reached skill level 7 in Axes
  6268 | D:6      | Reached skill level 5 in Armour
  6289 | D:6      | Identified the +1 flail of Viubas {holy, +Blink rF+++ Str-3
                  | Stlth+}
  6417 | D:6      | Identified the +6 battleaxe of Compound Interest {venom,
                  | rElec rC- Will+}
  6557 | D:6      | Found an ornate altar of the Wu Jian Council.
  6566 | D:6      | Reached skill level 8 in Axes
  6631 | D:6      | Found a shimmering blue altar of Sif Muna.
  7064 | D:7      | Reached XP level 9. HP: 39/68 MP: 9/9
  7231 | D:7      | Noticed Prince Ribbit
  7240 | D:7      | Killed Prince Ribbit
  7241 | D:7      | Reached skill level 9 in Axes
  7346 | D:7      | Noticed Menkaure
  7352 | D:7      | Killed Menkaure
  7612 | D:7      | Reached skill level 10 in Axes
  7809 | D:7      | Found a staircase to the Ecumenical Temple.
  7817 | Temple   | Entered the Ecumenical Temple
  7861 | Temple   | Became a worshipper of Gozag Ym Sagoz the Greedy
  8080 | D:8      | Identified a scroll of acquirement
  8080 | D:8      | Acquired the ring of Duxif {Will+ Int+4 Dex+7}
  8083 | D:8      | Noticed Maurice
  8088 | D:8      | Reached skill level 1 in Shields
  8095 | D:8      | Killed Maurice
  8096 | D:8      | Reached XP level 10. HP: 72/74 MP: 10/10
  8583 | D:8      | Found a sand-covered staircase.
  8590 | Ossuary  | Entered an ossuary
  8770 | D:8      | Reached skill level 11 in Axes
  8836 | D:8      | Found an ancient bone altar of Kikubaaqudgha.
  8838 | D:8      | Found a blossoming altar of Fedhas.
  9122 | D:8      | Found a sacrificial altar of Ru.
  9438 | D:8      | Found a hide-covered altar of Uskayaw.
  9799 | D:9      | Noticed a skeletal warrior
 10452 | D:9      | Found a staircase to the Orcish Mines.
 10628 | D:9      | Noticed a two-headed ogre
 10746 | D:9      | Found Nyiloq's CLEARANCE SALE! EVERYTHING MUST GO!.
 10804 | D:9      | Noticed a komodo dragon
 10810 | D:9      | Killed a komodo dragon
 10841 | D:9      | Found a staircase to the Lair.
 10894 | D:9      | Noticed a skeletal warrior
 10895 | D:9      | Noticed a skeletal warrior
 12006 | D:9      | Killed a two-headed ogre
 12007 | D:9      | Reached skill level 12 in Axes
 12007 | D:9      | Reached XP level 11. HP: 58/79 MP: 11/11
 12204 | D:9      | Bought a runed battleaxe for 285 gold pieces
 12236 | D:9      | Killed a skeletal warrior
 12763 | D:9      | Found a basalt altar of Yredelemnul.
 12851 | Lair:1   | Entered Level 1 of the Lair of Beasts
 12896 | Lair:1   | Reached skill level 13 in Axes
 12896 | Lair:1   | Reached skill level 10 in Armour
 13310 | Lair:1   | Noticed a five-headed hydra
 13418 | Lair:1   | Killed a one-headed hydra
 13939 | Lair:2   | Noticed a six-headed hydra
 13949 | Lair:2   | Killed a one-headed hydra
 13958 | Lair:2   | Reached XP level 12. HP: 59/88 MP: 12/12
 14154 | Lair:2   | Reached skill level 14 in Axes
 14869 | Lair:2   | Noticed a six-headed hydra
 14879 | Lair:2   | Killed a one-headed hydra
 15763 | Lair:3   | Found a hole to the Spider Nest.
 15880 | Lair:3   | Reached skill level 15 in Axes
 16040 | Lair:3   | Noticed an eight-headed hydra
 16413 | Lair:3   | Reached XP level 13. HP: 99/99 MP: 13/13
 16669 | Lair:3   | Killed a one-headed hydra
 17423 | Lair:4   | Noticed a four-headed hydra
 17435 | Lair:4   | Killed a one-headed hydra
 17963 | Lair:4   | Noticed a catoblepas
 17979 | Lair:4   | Killed a catoblepas
 18578 | Lair:4   | Found a staircase to the Shoals.
 18850 | Lair:5   | Found a staircase to the Slime Pits.
 19022 | Lair:5   | Noticed a six-headed hydra
 19032 | Lair:5   | Killed a one-headed hydra
 19033 | Lair:5   | Reached skill level 16 in Axes
 19063 | Lair:5   | Noticed a seven-headed hydra
 19074 | Lair:5   | Killed a one-headed hydra
 19316 | Lair:5   | Noticed a five-headed hydra
 19329 | Lair:5   | Killed a one-headed hydra
 19609 | Lair:5   | Noticed a five-headed hydra
 19620 | Lair:5   | Killed a one-headed hydra
 19890 | Lair:6   | Entered Level 6 of the Lair of Beasts
 19898 | Lair:6   | Reached skill level 10 in Fighting
 20366 | Lair:6   | Reached XP level 14. HP: 85/110 MP: 14/14
 21259 | Lair:6   | Found a runed translucent door.
 21846 | Lair:6   | Reached skill level 17 in Axes
 23249 | Lair:6   | Reached skill level 5 in Shields
 23833 | Lair:6   | Reached XP level 15. HP: 93/118 MP: 15/15
 24335 | D:10     | Entered Level 10 of the Dungeon
 24662 | D:10     | Found a snail-covered altar of Cheibriados.
 25274 | D:10     | Found a hazy altar of Hepliaklqana.
 25278 | D:10     | Found a faded altar of an unknown god.
 26335 | D:11     | Reached skill level 18 in Axes
 26340 | D:11     | HP: 1/118 [white ugly thing (31)]
 26341 | D:11     | Mangled by a white ugly thing

Illustrated notes

Levels and vault maps discovered:
D:1:      minmay_arrival_checkered_box, layout_rooms,
          shapermc_ecumenical_altar_ellora, grunt_decor_mini_mirrors
D:2:      layout_rooms, serial_shops,
          nicolae_shop_temple_entry_statues_fountains, lightli_corner_chamber,
          uniq_robin, uniq_sigmund
D:3:      minmay_recursive_quarters, layout_basic
D:4:      layout_loops_ring, good_gods_mini_temple, bloody_makhleb
D:5:      layout_loops_corners, mainiacjoe_overflow_alcove_2,
          serial_co_window_serial, co_window_paths_b, co_window_paths_a,
          co_window_of_opportunity_a, co_window_of_opportunity_a,
          co_window_cross_1, co_window_corner_ca, co_window_2corner,
          co_window_cross_2, glass_columns_a, glass_columns_a, glass_columns_b,
          glass_columns_b, glass_columns_a, uniq_eustachio
D:6:      layout_rooms, amcnicky_altar_gilded, mainiacjoe_overflow_24_doors,
          kennysheep_path_1
D:7:      layout_rooms, temple_green, uniq_prince_ribbit1, uniq_menkaure
D:8:      layout_basic, nicolae_uskayaw_dance_hall, nicolae_ru_awakened_eye,
          grunt_temple_overflow_growth_and_decay, nicolae_ossuary_entry_ruins,
          uniq_maurice
D:9:      layout_irregular_city, lemuel_zombie_altar_yredelemnul,
          david_lair_shrubbed, erik_orc_4, nicolae_shop_clearance
D:10:     layout_long_grid, slow_altar_1, beargit_hepliaklqana_dungeon_heroes,
          water_maze_lemuel
D:11:     layout_layer_cave, uniq_josephine
Temple:   corrupted_temple
Lair:1:   layout_misc_corridors
Lair:2:   layout_cave_pods, lemuel_fruit_fields
Lair:3:   layout_small_grid, nicolae_spider_entry_orb_guardian,
          grunt_forest_large_clearing_hut, infiniplex_staircase_pool
Lair:4:   layout_regular_city, minmay_shoals_entry_lonely_mermaid,
          serial_bayou_lake_a, serial_bayou_shore_b
Lair:5:   layout_regular_city, minmay_slime_entry_oklob_enclosed
Lair:6:   guppyfry_lair_end_dragon, layout_gridlike, wormcave, special_room
          [special_room_bee]

Skill      XL: |  1  2  3  4  5  6  7  8  9 10 11 12 13 14 15 |
---------------+----------------------------------------------+-----
Armour         | 1 2 3 4 6 7 9 10 11 12 13 14 | 14.1
Fighting       | 4 5 6 8 10 11 | 11.0
Axes           | 4 5 6 8 10 12 13 15 16 17 18 | 18.0
Shields        | 2 4 5 6 |  6.4
Dodging        | |  2.6
Stealth        | |  2.4

Action                   |  1- 3 |  4- 6 |  7- 9 | 10-12 | 13-15 || total
-------------------------+-------+-------+-------+-------+-------++-------
Melee: Hand axe          |    81 |   116 |    45 |    30 |    50 ||   322
       Battleaxe         |       |       |    69 |   350 |   518 ||   937
       Unarmed           |       |       |       |     2 |       ||     2
Throw: Dart              |       |       |    20 |       |     2 ||    22
Invok: Potion Petition   |       |       |       |     1 |       ||     1
       Call Merchant     |       |       |       |     1 |       ||     1
 Abil: Dig               |       |       |     2 |     1 |       ||     3
Evoke: Wand              |       |       |       |       |     5 ||     5
  Use: Scroll            |       |    11 |     6 |     4 |     3 ||    24
       Potion            |       |       |       |     4 |     3 ||     7
 Stab: Sleeping          |     3 |     4 |     1 |       |       ||     8
       Distracted        |       |       |       |     2 |     4 ||     6
Armor: Robe              |    13 |     5 |       |       |       ||    18
       Ring mail         |       |    16 |    36 |       |       ||    52
       Plate armour      |       |       |     3 |   152 |   231 ||   386
       Fire dragon scale |       |       |       |       |     1 ||     1
       Chain mail        |       |       |       |       |    11 ||    11
Dodge: Dodged            |    67 |    80 |   101 |   179 |   271 ||   698
Block: Buckler           |       |       |    20 |    84 |    99 ||   203
       Kite shield       |       |       |       |       |    20 ||    20

Table legend: (Time is in decaauts)
 A = Elapsed time spent in this place.
 B = Non-inter-level travel time spent in this place.
 C = Inter-level travel time spent in this place.
 D = Time resting spent in this place.
 E = Time spent auto-exploring this place.
 F = Levels seen in this place.
 G = Mean time per level.
                   A        B        C        D        E       F      G
               +--------+--------+--------+--------+--------+-----+--------+
         Total |  26357 |  25635 |    722 |   2782 |  18834 |  19 | 1387.2 |
       Dungeon |  14708 |  14340 |    368 |   1734 |  10096 |  11 | 1337.1 |
        Temple |     61 |     46 |     15 |      0 |      4 |   1 |   61.0 |
          Lair |  11420 |  11081 |    339 |   1048 |   8679 |   6 | 1903.3 |
       Ossuary |    167 |    167 |      0 |      0 |     55 |   1 |  167.0 |
               +--------+--------+--------+--------+--------+-----+--------+

Top non-repeatable levels by time:
  Lair:6: 3697 daAuts
     D:8: 2414 daAuts
  Lair:2: 2093 daAuts
     D:5: 1881 daAuts
     D:9: 1792 daAuts
  Lair:5: 1653 daAuts
     D:7: 1462 daAuts
  Lair:4: 1462 daAuts
  Lair:3: 1407 daAuts
     D:1: 1283 daAuts
     D:6: 1136 daAuts
    D:10: 1115 daAuts
  Lair:1: 1105 daAuts
     D:4: 1074 daAuts
    D:11: 872 daAuts
